[Event "EYCC O18-ch 2024"]
[Site "Prague"]
[Date "2024.08.26"]
[Round "5.1"]
[White "Sokolovsky, Yahli"]
[Black "Talibov, Shiroghlan"]
[Result "1/2-1/2"]
[ECO "B90"]
[WhiteElo "2522"]
[BlackElo "2395"]
[Annotator "TA"]
[PlyCount "40"]
[EventDate "2024.08.19"]
[EventType "swiss"]
[EventCountry "CZE"]
[SourceTitle "playchess.com"]
[Source "ChessBase"]
[SourceQuality "1"]
[TimeControl "5400+30"]

1. e4 c5 2. Nf3 d6 3. d4 cxd4 4. Nxd4 Nf6 5. Nc3 a6 6. Rg1 e5 7. Nb3 Be6 8. g4 d5 9. exd5 Nxd5 10. Nxd5 Qxd5 11. Qxd5 Bxd5 12. Be3 Nc6 13. O-O-O O-O-O 14. Bb6 Rd6 15. Rg3 Be7 16. g5 Be6 17. Nc5 Bf5 {[%emt 0:09:12] The position is equal.} 18. Rxd6 Bxd6 19. Rf3 g6 20. Rc3 e4 {[%emt 0:09:43] A rather calm draw.   Weighted Error Value: White=0.04 (flawless) /Black=0.04 (flawless) .  OK:         	White=6     	Black=7} 1/2-1/2

[Event "EYCC O18-ch 2024"]
[Site "Prague"]
[Date "2024.08.26"]
[Round "5.1"]
[White "Stevik, Patrik"]
[Black "Elmi, Saad Abobaker"]
[Result "0-1"]
[ECO "B50"]
[WhiteElo "2244"]
[BlackElo "2383"]
[Annotator "RC"]
[PlyCount "86"]
[EventDate "2024.08.19"]
[EventType "swiss"]
[EventCountry "CZE"]
[SourceTitle "playchess.com"]
[Source "ChessBase"]
[SourceQuality "1"]
[TimeControl "5400+30"]

1. e4 c5 2. Nf3 d6 3. Nc3 Nf6 4. g3 Nc6 5. Bg2 g6 6. O-O Bg7 7. Re1 O-O 8. d4 cxd4 9. Nxd4 Bg4 10. Nxc6 bxc6 11. Qd3 Nd7 12. Qf1 Rb8 13. f4 Rxb2 14. Bxb2 Qb6+ 15. Kh1 Qxb2 16. Ne2 Qxc2 17. Rac1 Qxa2 18. Ng1 Be6 19. Rxc6 Nc5 20. Rc7 Bc4 21. Rxa7 Qxa7 22. Qxc4 Rb8 23. Nh3 Qa5 24. Rc1 Rb2 25. e5 Qd2 26. Rg1 e6 27. Ng5 Qd3 28. Qc1 Qe2 29. exd6 Bd4 30. h3 Bxg1 31. Qxg1 Qd2 32. Nf3 Qxd6 33. Qa1 Qb6 34. Qa8+ Kg7 35. Ne5 Rb1+ 36. Kh2 Nd3 37. Nf3 Qf2 38. Qe4 Ne1 39. Qe5+ f6 40. Qc7+ Kh6 41. Nxe1 Rxe1 42. h4 Re3 43. f5 e5 0-1

[Event "EYCC O18-ch 2024"]
[Site "Prague"]
[Date "2024.08.26"]
[Round "5.2"]
[White "Macias Pino, Diego"]
[Black "Piliposyan, Robert"]
[Result "1/2-1/2"]
[ECO "C80"]
[WhiteElo "2477"]
[BlackElo "2376"]
[Annotator "TA"]
[PlyCount "25"]
[EventDate "2024.08.19"]
[EventType "swiss"]
[EventCountry "CZE"]
[SourceTitle "playchess.com"]
[Source "ChessBase"]
[SourceQuality "1"]
[TimeControl "5400+30"]

1. e4 e5 2. Nf3 Nc6 3. Bb5 a6 4. Ba4 Nf6 5. O-O Nxe4 6. d4 b5 7. Bb3 d5 8. dxe5 Be6 9. Be3 Be7 10. c3 Nc5 11. Nbd2 (11. Bc2 $14) 11... Nd3 $15 12. Bc2 Nxb2 13. Qb1 {[%emt 0:01:24] Weighted Error Value: White=0.58/Black=0.07 (flawless) .  OK:         	---       	Black=1      Best:        	---       	Black=1} 1/2-1/2

[Event "EYCC O18-ch 2024"]
[Site "Prague"]
[Date "2024.08.26"]
[Round "5.2"]
[White "Karolczuk, Iwo"]
[Black "Engin, Onur Cinar"]
[Result "1/2-1/2"]
[ECO "D02"]
[WhiteElo "2356"]
[BlackElo "2215"]
[Annotator "RC"]
[PlyCount "85"]
[EventDate "2024.08.19"]
[EventType "swiss"]
[EventCountry "CZE"]
[SourceTitle "playchess.com"]
[Source "ChessBase"]
[SourceQuality "1"]
[TimeControl "5400+30"]

1. d4 d5 2. Nf3 Nf6 3. Bf4 c5 4. e3 cxd4 5. exd4 Nc6 6. Nbd2 Bf5 7. c3 a6 8. Be2 e6 9. Ne5 Nxe5 10. dxe5 Ne4 11. Nb3 Be7 12. Nd4 Bg6 13. O-O O-O 14. f3 Nc5 15. Qd2 Qc7 16. Rfe1 b5 17. Kh1 Rfc8 18. Bg3 Rab8 19. Rac1 Na4 20. a3 Nb6 21. f4 Be4 22. f5 exf5 23. e6 Bd6 24. exf7+ Kxf7 25. Bxd6 Qxd6 26. Nxf5 Bxf5 27. Rf1 Kg8 28. Rxf5 Rf8 29. Rxf8+ Rxf8 30. Bf3 Qf4 31. Qxf4 Rxf4 32. Rd1 Kf7 33. Kg1 Ke6 34. Kf2 Kd6 35. b3 a5 36. Ke3 g5 37. g3 Rf5 38. Be2 a4 39. b4 Re5+ 40. Kf2 Kc6 41. Bd3 h6 42. h3 Nc8 43. h4 1/2-1/2

[Event "EYCC O18-ch 2024"]
[Site "Prague"]
[Date "2024.08.26"]
[Round "5.3"]
[White "Stalmach, Richard"]
[Black "Soderstrom, Adrian"]
[Result "1/2-1/2"]
[ECO "A15"]
[WhiteElo "2443"]
[BlackElo "2318"]
[Annotator "RC"]
[PlyCount "77"]
[EventDate "2024.08.19"]
[EventType "swiss"]
[EventCountry "CZE"]
[SourceTitle "playchess.com"]
[Source "ChessBase"]
[SourceQuality "1"]
[TimeControl "5400+30"]

1. c4 Nf6 2. Nf3 g6 3. Nc3 Bg7 4. e4 e5 5. Nxe5 O-O 6. Nf3 Re8 7. d3 d5 8. cxd5 Nxd5 9. Nxd5 Qxd5 10. Be2 Qd6 11. h4 Bg4 12. Bd2 Bxf3 13. gxf3 Nc6 14. Bc3 Nd4 15. Qd2 h5 16. f4 Bh6 17. Bxd4 Qxd4 18. Qc3 Qxc3+ 19. bxc3 Bxf4 20. Rb1 b6 21. Bd1 Rad8 22. Ke2 c5 23. Ba4 Re6 24. Bb3 Red6 25. Bc4 Be5 26. Rb3 Rf6 27. a4 Rdd6 28. Rh3 Rf4 29. Ke3 Rff6 30. Bd5 Bf4+ 31. Ke2 Be5 32. Ke3 Bf4+ 33. Ke2 Be5 34. f3 Kg7 35. Rh1 Rd7 36. Ke3 Bf4+ 37. Kf2 Be5 38. Ke2 Rc7 39. Ke3 1/2-1/2

[Event "EYCC O18-ch 2024"]
[Site "Prague"]
[Date "2024.08.26"]
[Round "5.3"]
[White "Sachilaru, Alexandru"]
[Black "Gasparyan, Erik R."]
[Result "0-1"]
[ECO "C70"]
[WhiteElo "2255"]
[BlackElo "2350"]
[Annotator "RC"]
[PlyCount "172"]
[EventDate "2024.08.19"]
[EventType "swiss"]
[EventCountry "CZE"]
[SourceTitle "playchess.com"]
[Source "ChessBase"]
[SourceQuality "1"]
[TimeControl "5400+30"]

1. e4 e5 2. Nf3 Nc6 3. Bb5 a6 4. Ba4 f5 5. d3 fxe4 6. dxe4 Nf6 7. O-O d6 8. Nc3 Be7 9. Bg5 Bg4 10. Bxc6+ bxc6 11. Qd3 O-O 12. Nd2 Be6 13. f4 exf4 14. Bxf4 Qb8 15. b3 Ng4 16. Kh1 Qb6 17. Bg3 Bf6 18. Rae1 Qd4 19. Qxd4 Bxd4 20. Nd1 Rae8 21. h3 Nf6 22. c3 Bb6 23. Nb2 Nd7 24. Nd3 Bf7 25. Nf3 Bg6 26. Nf2 Bxf2 27. Rxf2 Rxe4 28. Rxe4 Bxe4 29. Nd2 Rxf2 30. Bxf2 Bd3 31. Kg1 Kf7 32. Bg3 c5 33. Kf2 Ke6 34. Ke3 Bg6 35. Bh4 Nf6 36. c4 c6 37. Bf2 d5 38. Ke2 d4 39. Kd1 Be4 40. g3 Bg2 41. h4 a5 42. Ke2 Be4 43. Be1 Bc2 44. Nf3 a4 45. bxa4 Bxa4 46. Ba5 h6 47. Nd2 Bc2 48. Bc7 Nd7 49. a3 Nf6 50. Bb8 Ke7 51. Be5 Ne8 52. Bb8 Nf6 53. Be5 Nh5 54. Bb8 Ke6 55. Kf3 Nf6 56. Ke2 h5 57. Bc7 Nd7 58. Nf3 Nf6 59. Nd2 Nd7 60. Nf3 Kf5 61. Nd2 Nf6 62. Bd6 Ne4 63. Nxe4 Kxe4 64. Bxc5 Bd3+ 65. Kd2 Bxc4 66. a4 g6 67. a5 Kd5 68. Bf8 Bb5 69. Kc2 c5 70. Kb3 Bc4+ 71. Kc2 Ba6 72. Kb3 c4+ 73. Kb4 Ke4 74. Bg7 c3 75. Kb3 Kd3 76. Bf6 Bb7 77. Be5 Kd2 78. Kc4 d3 79. Bxc3+ Kc2 80. Kd4 d2 81. Bxd2 Kxd2 82. Ke5 Ke3 83. Kf6 Be4 84. a6 Kf3 85. a7 Kxg3 86. Kg5 Ba8 0-1

[Event "EYCC O18-ch 2024"]
[Site "Prague"]
[Date "2024.08.26"]
[Round "5.4"]
[White "Levin, Guy"]
[Black "Koutlas, Nikolaos"]
[Result "1/2-1/2"]
[ECO "D60"]
[WhiteElo "2436"]
[BlackElo "2322"]
[Annotator "RC"]
[PlyCount "110"]
[EventDate "2024.08.19"]
[EventType "swiss"]
[EventCountry "CZE"]
[SourceTitle "playchess.com"]
[Source "ChessBase"]
[SourceQuality "1"]
[TimeControl "5400+30"]

1. d4 e6 2. c4 Nf6 3. Nc3 d5 4. Bg5 Be7 5. e3 O-O 6. Nf3 Nbd7 7. h3 c6 8. Qc2 dxc4 9. Bxc4 h6 10. Bf4 b5 11. Be2 a6 12. O-O c5 13. dxc5 Nxc5 14. Rfd1 Qb6 15. b4 Ncd7 16. a4 Bb7 17. axb5 axb5 18. Rxa8 Bxa8 19. Bxb5 Bxf3 20. gxf3 e5 21. Bg3 Bxb4 22. Bxd7 Qc7 23. Bb5 Qxc3 24. Qf5 e4 25. fxe4 Qc2 26. Rd4 Bc5 27. Rc4 Qb1+ 28. Kh2 Qxb5 29. Rxc5 Qd3 30. Re5 Ra8 31. Bh4 Qd6 32. Kg2 Qc6 33. Bxf6 Qxf6 34. Qxf6 gxf6 35. Rc5 Kg7 36. h4 Ra1 37. h5 Rb1 38. e5 fxe5 39. Rxe5 Kf6 40. f4 Ra1 41. Rb5 Ra2+ 42. Kf3 Ra1 43. Rb6+ Kg7 44. Rb5 Rf1+ 45. Ke4 Rh1 46. Rc5 Rh2 47. Kf3 Rh3+ 48. Kf2 Rh2+ 49. Kg3 Rh1 50. e4 Rg1+ 51. Kf2 Rh1 52. Kg2 Rh4 53. Rf5 Rg4+ 54. Kh2 Rh4+ 55. Kg2 Rg4+ 1/2-1/2

[Event "EYCC O18-ch 2024"]
[Site "Prague"]
[Date "2024.08.26"]
[Round "5.4"]
[White "Baranciuc, Alexandr"]
[Black "Xhembulla, Aleksander"]
[Result "0-1"]
[ECO "A45"]
[WhiteElo "2332"]
[BlackElo "2201"]
[Annotator "RC"]
[PlyCount "92"]
[EventDate "2024.08.19"]
[EventType "swiss"]
[EventCountry "CZE"]
[SourceTitle "playchess.com"]
[Source "ChessBase"]
[SourceQuality "1"]
[TimeControl "5400+30"]

1. d4 Nf6 2. Nc3 d5 3. Bf4 e6 4. Nb5 Bb4+ 5. c3 Ba5 6. e3 a6 7. Na3 Nbd7 8. Nf3 Qe7 9. Nb1 Nh5 10. Bg5 f6 11. Bh4 g6 12. g4 Ng7 13. g5 f5 14. Nbd2 O-O 15. Be2 c6 16. Bg3 Nh5 17. Be5 Nxe5 18. Nxe5 Ng7 19. f4 Bc7 20. Nd3 h5 21. c4 dxc4 22. Nxc4 Rd8 23. Qb3 a5 24. Kf2 Kh7 25. Rhc1 Ra7 26. Bf3 Bd7 27. Qc3 Ne8 28. a3 Nd6 29. Nce5 Be8 30. Qc2 Raa8 31. Qb3 a4 32. Qc2 Nf7 33. Nxf7 Bxf7 34. Nc5 e5 35. dxe5 Bxe5 36. fxe5 Qxe5 37. Bg2 Bd5 38. Nd3 Qxh2 39. Nf4 Bxg2 40. Nxg2 f4 41. exf4 Rd4 42. Ke3 Rad8 43. Rg1 Qg3+ 44. Ke2 Re8+ 45. Kf1 Qf3+ 46. Qf2 Qd3+ 0-1

[Event "EYCC O18-ch 2024"]
[Site "Prague"]
[Date "2024.08.26"]
[Round "5.5"]
[White "Garcia Fernandez, Victor"]
[Black "Pasztor, Balazs"]
[Result "0-1"]
[ECO "D35"]
[WhiteElo "2313"]
[BlackElo "2402"]
[Annotator "RC"]
[PlyCount "70"]
[EventDate "2024.08.19"]
[EventType "swiss"]
[EventCountry "CZE"]
[SourceTitle "playchess.com"]
[Source "ChessBase"]
[SourceQuality "1"]
[TimeControl "5400+30"]

1. d4 d5 2. c4 e6 3. Nc3 Nf6 4. cxd5 Nxd5 5. e4 Nxc3 6. bxc3 c5 7. Rb1 Be7 8. Nf3 O-O 9. Bd3 cxd4 10. cxd4 Nc6 11. e5 Nb4 12. Be4 Bd7 13. Bd2 a5 14. O-O Bc6 15. Bxc6 bxc6 16. a3 Nd5 17. Qa4 Qc7 18. Rfc1 Rfc8 19. Rc2 Nb6 20. Qb3 a4 21. Qa2 Nd5 22. Ne1 Qa7 23. Rc4 c5 24. dxc5 Rxc5 25. Rbc1 Rac8 26. Nd3 Rxc4 27. Rxc4 Rxc4 28. Qxc4 Bxa3 29. Bb4 Bxb4 30. Nxb4 Qa8 31. Nxd5 exd5 32. Qa2 a3 33. h4 h6 34. h5 Kh8 35. g3 d4 0-1

[Event "EYCC O18-ch 2024"]
[Site "Prague"]
[Date "2024.08.26"]
[Round "5.5"]
[White "Kasipour Azbari, Seyed Arvin"]
[Black "Slagboom, Leandro"]
[Result "0-1"]
[ECO "C02"]
[WhiteElo "2212"]
[BlackElo "2331"]
[Annotator "RC"]
[PlyCount "56"]
[EventDate "2024.08.19"]
[EventType "swiss"]
[EventCountry "CZE"]
[SourceTitle "playchess.com"]
[Source "ChessBase"]
[SourceQuality "1"]
[TimeControl "5400+30"]

1. e4 e6 2. d4 d5 3. e5 c5 4. c3 Nc6 5. Nf3 Nge7 6. Na3 Bd7 7. Nc2 Qa5 8. dxc5 Qc7 9. Be2 Nxe5 10. Nxe5 Qxe5 11. Nd4 Qc7 12. b4 a6 13. O-O g6 14. Bg5 Bg7 15. Bxe7 Kxe7 16. Re1 Rhe8 17. Qb3 Kf8 18. Rad1 b6 19. cxb6 Qxb6 20. a4 Rec8 21. a5 Qc7 22. Rd3 e5 23. Nc2 d4 24. Bf3 Bf5 25. cxd4 Qxc2 26. Qxc2 Rxc2 27. Bxa8 Bxd3 28. dxe5 Bxe5 0-1

[Event "EYCC O18-ch 2024"]
[Site "Prague"]
[Date "2024.08.26"]
[Round "5.6"]
[White "Hrbek, Stepan"]
[Black "Hak, David"]
[Result "1-0"]
[ECO "B31"]
[WhiteElo "2414"]
[BlackElo "2239"]
[Annotator "RC"]
[PlyCount "94"]
[EventDate "2024.08.19"]
[EventType "swiss"]
[EventCountry "CZE"]
[SourceTitle "playchess.com"]
[Source "ChessBase"]
[SourceQuality "1"]
[TimeControl "5400+30"]

1. e4 c5 2. Nf3 Nc6 3. Bb5 g6 4. Bxc6 dxc6 5. d3 Bg7 6. a4 Nf6 7. a5 Nd7 8. Nc3 e5 9. Bg5 f6 10. Be3 Qe7 11. Nd2 O-O 12. O-O f5 13. exf5 gxf5 14. f4 Re8 15. Kh1 exf4 16. Bxf4 Nf6 17. Nc4 Nd5 18. Nxd5 cxd5 19. Nd6 Rd8 20. Re1 Qf6 21. Ne8 Qh4 22. Qd2 Bxb2 23. Rab1 Bd7 24. Nc7 Bg7 25. Nxa8 Rxa8 26. Rxb7 Ba4 27. Ree7 Bf8 28. Re3 Re8 29. Rxe8 Bxe8 30. Qe3 Qh5 31. h3 d4 32. Qe5 Qg6 33. Qd5+ Bf7 34. Qd8 Qg7 35. Bd6 Qh6 36. Rb8 Be8 37. Qxe8 Qxd6 38. Rb7 Qh6 39. Qf7+ Kh8 40. Rb1 Qd6 41. Re1 Qh6 42. Qxf5 Kg8 43. Qe6+ Kg7 44. Qxh6+ Kxh6 45. Re6+ Kg5 46. Ra6 c4 47. Rxa7 Bb4 1-0

[Event "EYCC O18-ch 2024"]
[Site "Prague"]
[Date "2024.08.26"]
[Round "5.6"]
[White "Shamatava, Nikolozi"]
[Black "Falkevall, Axel"]
[Result "1-0"]
[ECO "C79"]
[WhiteElo "2196"]
[BlackElo "2325"]
[Annotator "RC"]
[PlyCount "97"]
[EventDate "2024.08.19"]
[EventType "swiss"]
[EventCountry "CZE"]
[SourceTitle "playchess.com"]
[Source "ChessBase"]
[SourceQuality "1"]
[TimeControl "5400+30"]

1. e4 e5 2. Nf3 Nc6 3. Bb5 a6 4. Ba4 Nf6 5. O-O d6 6. Re1 Bd7 7. c4 Bg4 8. Nc3 Nd7 9. h3 Bxf3 10. Qxf3 g6 11. Bxc6 bxc6 12. d4 Bg7 13. dxe5 Nxe5 14. Qe2 c5 15. Bf4 O-O 16. Rad1 Re8 17. b3 Nc6 18. Qd2 Nd4 19. Kh1 a5 20. Qc1 c6 21. Bg3 Re6 22. f4 Qe7 23. Rd3 Re8 24. Bf2 f5 25. Rde3 Qf7 26. Qd2 h5 27. exf5 Qxf5 28. Rxe6 Rxe6 29. Rxe6 Nxe6 30. Ne2 Qe4 31. Qe3 Qb1+ 32. Kh2 Kf7 33. Qf3 Qc2 34. Ng3 Bd4 35. Ne4 Bxf2 36. f5 Bh4 37. Nxd6+ Ke7 38. Nc8+ Kd7 39. fxe6+ Kxc8 40. Qxc6+ Kb8 41. Qb6+ Kc8 42. Qxc5+ Kb8 43. Qb6+ Kc8 44. Qc6+ Kb8 45. e7 Bxe7 46. Qe8+ Kc7 47. Qxe7+ Kc8 48. c5 Qf2 49. Qd6 1-0

[Event "EYCC O18-ch 2024"]
[Site "Prague"]
[Date "2024.08.26"]
[Round "5.7"]
[White "Smolik, Jachym"]
[Black "Klimkowski, Jan"]
[Result "1-0"]
[ECO "D31"]
[WhiteElo "2290"]
[BlackElo "2508"]
[Annotator "TA"]
[PlyCount "111"]
[EventDate "2024.08.19"]
[EventType "swiss"]
[EventCountry "CZE"]
[SourceTitle "playchess.com"]
[Source "ChessBase"]
[SourceQuality "1"]
[TimeControl "5400+30"]

1. c4 e6 2. Nc3 d5 3. d4 c6 4. e3 Nf6 5. b3 Bb4 6. Bd2 {[%emt 0:00:11] D31: Queen's Gambit Declined: Semi-Slav without ...Nf6 (+ Marshall Gambit and Noteboom) and Exchange Variation lines without ...Nf6.} O-O 7. a3 $146 ({Predecessor:} 7. Qc2 Nbd7 8. a3 Be7 9. Nf3 b6 10. cxd5 cxd5 11. Bd3 Bb7 12. O-O Rc8 13. Rfc1 {½-½ Dzagnidze,N (2524)-Goryachkina,A (2604) EU-chT (Women) 23rd 2021 (4.1)}) 7... Bd6 8. Nf3 Qe7 9. b4 Nbd7 10. Qb3 dxc4 11. Bxc4 e5 12. Be2 (12. Qc2 $1 $11) 12... e4 $17 13. Nh4 Nb6 14. g3 (14. f3 $17) 14... Bh3 $19 15. Bf1 Qd7 16. Bxh3 Qxh3 17. Ne2 Nfd5 18. Qc2 Rfe8 19. Ng1 Qe6 20. Ng2 Nd7 21. Nf4 Bxf4 22. gxf4 b6 23. Ne2 Rac8 24. Ng3 c5 25. f5 Qe7 26. Qc4 N5f6 27. Bc3 cxd4 28. Qxd4 h5 29. h4 Rcd8 30. Rg1 $2 (30. O-O $17) 30... Ne5 $2 ({Black should play} 30... Nc5 $1 $19 31. Qc4 Nd3+ 32. Kf1 Ng4) 31. Qxe5 $11 Qxe5 32. Bxe5 Rxe5 33. Ke2 g6 34. Rac1 Rd7 35. Rgd1 Rxd1 36. Kxd1 gxf5 37. Rc7 a5 38. Rc6 Re6 39. Rc8+ Kh7 40. bxa5 bxa5 41. Rc5 Rd6+ 42. Kc2 Rd5 43. Rxd5 Nxd5 44. Nxh5 (44. Kb3 $14) 44... Kg6 $11 45. Ng3 Kf6 (45... Nf6 $11) 46. Kb3 $1 $14 Ke5 $2 {[%emt 0:01:59][%mdl 8192] [#]} (46... Nb6 $16 {is more resistant.}) 47. h5 $1 $18 Nf6 ({But not} 47... f4 $2 48. h6 Kf6 (48... fxg3 $2 {too greedy.} 49. h7 $18) 49. Nxe4+ Kg6 50. exf4 $18 (50. Kc4 fxe3 51. h7 Kg7 $16)) (47... Nb6 $142 48. h6 Kf6 49. Nxf5 Kg6 (49... Kxf5 $2 50. h7 $18)) 48. h6 $18 f4 49. exf4+ Kd4 50. Ka4 Kd3 51. Kxa5 e3 52. fxe3 Kxe3 53. Nh5 Nh7 54. Kb6 Kf3 55. a4 Kg4 56. a5 1-0

[Event "EYCC O18-ch 2024"]
[Site "Prague"]
[Date "2024.08.26"]
[Round "5.7"]
[White "Backiel, Hubert"]
[Black "Serrano Almendros, Angel"]
[Result "1-0"]
[ECO "D31"]
[WhiteElo "2216"]
[BlackElo "2310"]
[Annotator "RC"]
[PlyCount "43"]
[EventDate "2024.08.19"]
[EventType "swiss"]
[EventCountry "CZE"]
[SourceTitle "playchess.com"]
[Source "ChessBase"]
[SourceQuality "1"]
[TimeControl "5400+30"]

1. d4 d5 2. c4 e6 3. Nc3 Bb4 4. cxd5 exd5 5. Bf4 Nf6 6. e3 Ne4 7. Qb3 c5 8. f3 Nxc3 9. bxc3 Ba5 10. Bb5+ Nc6 11. Ne2 O-O 12. dxc5 Ne7 13. O-O Bc7 14. Rfd1 a6 15. Ba4 Rb8 16. c4 Bxf4 17. Nxf4 dxc4 18. Rxd8 cxb3 19. Rad1 g5 20. Nh5 Nf5 21. Rxf8+ Kxf8 22. Rd8+ 1-0

[Event "EYCC O18-ch 2024"]
[Site "Prague"]
[Date "2024.08.26"]
[Round "5.8"]
[White "Rozen, Eytan"]
[Black "Eilenberg, Jonas"]
[Result "1-0"]
[ECO "D11"]
[WhiteElo "2478"]
[BlackElo "2285"]
[Annotator "TA"]
[PlyCount "49"]
[EventDate "2024.08.19"]
[EventType "swiss"]
[EventCountry "CZE"]
[SourceTitle "playchess.com"]
[Source "ChessBase"]
[SourceQuality "1"]
[TimeControl "5400+30"]

1. d4 d5 2. c4 c6 3. Nf3 Nf6 4. Qc2 dxc4 5. Qxc4 Bf5 6. g3 e6 7. Bg2 Be7 8. O-O O-O 9. Nc3 Nbd7 10. Qb3 Qb6 $1 11. Bg5 h6 12. Bxf6 Nxf6 {[%emt 0:00:18] Black has an edge.} 13. e3 Rfd8 14. Rfc1 Bh7 15. Ne5 Nd7 16. Nc4 {[%emt 0:06:28] A dynamic duo of knights.} Qa6 17. Ne4 Nb6 18. Ne5 Bxe4 19. Bxe4 Qa4 20. Qd3 (20. Qxa4 {simplifies} Nxa4 21. b4 Bxb4 22. Rc4) 20... Nd7 $2 {[%emt 0:11:07][%mdl 8192] [#] Black cannot hold the game after this.} (20... Bf6 $11 {and Black has nothing to worry.} 21. Ng4 Bxd4 22. exd4 Rxd4) 21. Bh7+ $1 $18 Kf8 {[%emt 0:00:09] [#] ...Nxe5 would now be deadly.} 22. Nxf7 Kxf7 $2 (22... Nf6) 23. Qg6+ Kf8 {[%emt 0:00:04] And now ...Nf6 would win.} 24. Qxe6 Qb5 25. Qg8# {[%emt 0:00:02] Weighted Error Value: White=0.09 (flawless) /Black=0.85.  Loses game:     	---       	Black=1      Mistake:       	---       	Black=1      Inaccurate:     	White=1     	Black=3      OK:         	White=4     	---        Best:        	White=1     	Black=1      Strong:       	White=1     	---} 1-0

[Event "EYCC O18-ch 2024"]
[Site "Prague"]
[Date "2024.08.26"]
[Round "5.8"]
[White "Farokhi, Keyvan"]
[Black "Ribeiro, Gustavo"]
[Result "1/2-1/2"]
[ECO "A46"]
[WhiteElo "2307"]
[BlackElo "2183"]
[Annotator "RC"]
[PlyCount "119"]
[EventDate "2024.08.19"]
[EventType "swiss"]
[EventCountry "CZE"]
[SourceTitle "playchess.com"]
[Source "ChessBase"]
[SourceQuality "1"]
[TimeControl "5400+30"]

1. d4 Nf6 2. Nf3 e6 3. Bg5 d5 4. e3 h6 5. Bh4 c5 6. c3 Nc6 7. Nbd2 Qb6 8. Qc2 Bd7 9. Rc1 cxd4 10. exd4 Rc8 11. Qb1 Ne4 12. Nxe4 dxe4 13. Nd2 f5 14. Bg3 Qd8 15. f3 Be7 16. fxe4 Bg5 17. Rd1 O-O 18. Bd3 Bxd2+ 19. Rxd2 Qg5 20. Bd6 fxe4 21. Bxf8 exd3 22. Bd6 Na5 23. Qxd3 Nc4 24. Bg3 Nxd2 25. Qxd2 Qf5 26. Rf1 Qe4+ 27. Kf2 Rf8+ 28. Kg1 Rxf1+ 29. Kxf1 Qb1+ 30. Kf2 Qxa2 31. Be5 Qb1 32. h3 Bc6 33. Kg3 b5 34. Kh2 Qf1 35. Qc2 Kf7 36. b3 Bd5 37. c4 bxc4 38. bxc4 Bc6 39. d5 exd5 40. cxd5 Bxd5 41. Qc7+ Ke8 42. Qxg7 Qf5 43. Bd6 Qe4 44. Bc5 a5 45. Qf8+ Kd7 46. Qd6+ Ke8 47. Qb8+ Kd7 48. Qg3 a4 49. Ba3 Kc6 50. Bf8 h5 51. Ba3 Kb5 52. Qb8+ Bb7 53. Qg3 Bd5 54. Bd6 Kc6 55. Bf8 Kb5 56. Qg5 Kc6 57. Qc1+ Kd7 58. Qd2 Qe5+ 59. Kg1 Qa1+ 60. Kh2 1/2-1/2

[Event "EYCC O18-ch 2024"]
[Site "Prague"]
[Date "2024.08.26"]
[Round "5.9"]
[White "Sahakyan, Aleks"]
[Black "Chyzy, Jakub"]
[Result "1-0"]
[ECO "C72"]
[WhiteElo "2287"]
[BlackElo "2368"]
[Annotator "RC"]
[PlyCount "72"]
[EventDate "2024.08.19"]
[EventType "swiss"]
[EventCountry "CZE"]
[SourceTitle "playchess.com"]
[Source "ChessBase"]
[SourceQuality "1"]
[TimeControl "5400+30"]

1. e4 e5 2. Nf3 Nc6 3. Bb5 a6 4. Ba4 d6 5. O-O Bd7 6. d4 exd4 7. Nxd4 Nxd4 8. Bxd7+ Qxd7 9. Qxd4 Ne7 10. b3 Nc6 11. Qe3 O-O-O 12. Bb2 d5 13. exd5 Qxd5 14. Nc3 Qh5 15. Ne4 Bd6 16. h3 Be5 17. Ng3 Bxg3 18. Qxg3 Rhe8 19. Rae1 g6 20. Kh2 Qf5 21. c4 Rxe1 22. Rxe1 Rd2 23. Bc1 Rxf2 24. Re8+ Kd7 25. Re3 Rf1 26. Bd2 Qf2 27. Rd3+ Kc8 28. Qg5 Qg1+ 29. Kg3 Qf2+ 30. Kh2 Qg1+ 31. Kg3 Nd4 32. Qd5 Qf2+ 33. Kh2 Qg1+ 34. Kg3 Nf5+ 35. Kg4 Nd6 36. Be3 Qh2 1-0

[Event "EYCC O18-ch 2024"]
[Site "Prague"]
[Date "2024.08.26"]
[Round "5.9"]
[White "Kusiak, Mateusz"]
[Black "Borrmann, Laurenz"]
[Result "1-0"]
[ECO "C48"]
[WhiteElo "1887"]
[BlackElo "2427"]
[Annotator "RC"]
[PlyCount "83"]
[EventDate "2024.08.19"]
[EventType "swiss"]
[EventCountry "CZE"]
[SourceTitle "playchess.com"]
[Source "ChessBase"]
[SourceQuality "1"]
[TimeControl "5400+30"]

1. e4 e5 2. Nf3 Nc6 3. Nc3 Nf6 4. Bb5 Bd6 5. d3 h6 6. a3 a6 7. Bc4 Bc5 8. Ne2 O-O 9. O-O Re8 10. Ng3 Bf8 11. d4 d6 12. h3 Nxd4 13. Nxd4 exd4 14. Qxd4 b5 15. Be2 Bb7 16. Bf3 Nd7 17. b3 c5 18. Qd2 Ne5 19. Be2 Qh4 20. Kh2 Bxe4 21. f4 Ng6 22. Nxe4 Rxe4 23. Bf3 Rd4 24. Qe1 Ra7 25. Be3 Qf6 26. g3 Re7 27. Qf2 Rde4 28. Bxe4 Rxe4 29. Rfe1 h5 30. Qf3 d5 31. Bf2 h4 32. Rad1 hxg3+ 33. Bxg3 Rxf4 34. Bxf4 Nxf4 35. Re8 g5 36. Rg1 Kg7 37. h4 Bd6 38. Kh1 Kh7 39. Rxg5 Qa1+ 40. Rg1 Qf6 41. Qg4 Ng6 42. Qh5+ 1-0

[Event "EYCC O18-ch 2024"]
[Site "Prague"]
[Date "2024.08.26"]
[Round "5.10"]
[White "Vergara Anton, Diego"]
[Black "Kuti, Oliver"]
[Result "1-0"]
[ECO "A49"]
[WhiteElo "2416"]
[BlackElo "2114"]
[Annotator "RC"]
[PlyCount "113"]
[EventDate "2024.08.19"]
[EventType "swiss"]
[EventCountry "CZE"]
[SourceTitle "playchess.com"]
[Source "ChessBase"]
[SourceQuality "1"]
[TimeControl "5400+30"]

1. d4 Nf6 2. Nf3 g6 3. g3 b6 4. Bg2 Bb7 5. O-O Bg7 6. Re1 O-O 7. Nbd2 Ne4 8. Ng5 Nd6 9. e4 Bxd4 10. e5 Bxe5 11. Bxb7 Nxb7 12. Rxe5 f6 13. Ndf3 e6 14. Re1 fxg5 15. Bxg5 Qc8 16. Bh6 Re8 17. Qd4 Re7 18. Qh4 Nc6 19. Ne5 Qe8 20. Ng4 Rf7 21. Nf6+ Rxf6 22. Qxf6 Qf7 23. Qxf7+ Kxf7 24. Rad1 d6 25. Rd3 Ke7 26. Bg5+ Kd7 27. Rf3 Ne5 28. Rxe5 dxe5 29. Rf7+ Kc6 30. Rxh7 Rg8 31. Bf6 e4 32. Be5 Nd6 33. Bxd6 Kxd6 34. Kf1 Rf8 35. Ke2 g5 36. Rg7 Rf5 37. h4 gxh4 38. gxh4 Rf4 39. h5 Rh4 40. Rh7 a5 41. h6 Kc6 42. Ke3 Kd6 43. Rh8 Kc6 44. h7 Kd7 45. Kd4 e3+ 46. Kxe3 Rh3+ 47. f3 Rh4 48. a4 Rh3 49. c3 Rh4 50. b4 axb4 51. cxb4 Rh5 52. a5 bxa5 53. bxa5 Kc6 54. a6 Kb6 55. Rb8+ Kxa6 56. h8=Q Rxh8 57. Rxh8 1-0